 Dungeon Crawl Stone Soup version 0.31-a0-803-g95b03c3367 (webtiles) character file.

Game seed: 14787243653610143243

35 ytrimaz the Sneak (level 3, -2/23 HPs)
             Began as an Octopode Shapeshifter on Sept 20, 2023.
             Succumbed to a goblin's poison
             ... on level 2 of the Dungeon.
             The game lasted 00:00:49 (726 turns).

ytrimaz the Sneak (Octopode Shapeshifter)            Turns: 726, Time: 00:00:49

Health: -2/23      AC:  1    Str: 13    XL:     3   Next: 35%
Magic:  3/3        EV: 13    Int: 18    God:
Gold:   114        SH:  0    Dex: 13    Spells: 2/2 levels left

rFire   . .          .
                       - Unarmed
rCold   . . .        (no shield)
rNeg    . . .        (helmet currently unavailable)
rPois   .            (no amulet)
rElec   .            h - +6 ring of intelligence
rCorr   .            (no ring)
SInv    .            (no ring)
Will    .....        (no ring)
Stlth   ++++         (no ring)
HPRegen 0.23/turn    (no ring)
MPRegen 0.08/turn    (no ring)
                     (no ring)

%: no passive effects
@: lethally poisoned (-2 -> -20), beast-form
A: beast (slay +1), almost no armour, amphibious, 8 rings, camouflage 1,
gelatinous body 1, (nimble swimmer 1), tentacles
a: Begin Untransformation


You were on level 2 of the Dungeon.
You were a hulking beast.
You visited 1 branch of the dungeon, and saw 2 of its levels.

You collected 114 gold pieces.


Innate Abilities, Weirdness & Mutations

You are a hulking beast.
Your limbs bulge with bestial killing power. (Slay +1)
You cannot wear most types of armour.
You are amphibious.
You can wear up to eight rings at the same time.
Your skin changes colour to match your surroundings (Stealth+).
Your rubbery body absorbs attacks. (AC +1, EV +1)
((You are camouflaged when in or above water. (Stealth+)))
You have tentacles for arms and can constrict up to eight enemies at once.


   Skills:
 - Level 1.0 Fighting
 - Level 2.0 Dodging
 + Level 4.3 Stealth
 - Level 3.0 Unarmed Combat
 - Level 3.0 Shapeshifting


You had 2 spell levels left.
You didn't know any spells.
Your spell library was empty.

Inventory:

Jewellery
 h - a +6 ring of intelligence (left tentacle)
   (You found it on level 2 of the Dungeon)
Talismans
 b - a beast talisman (active)
 c - a flux talisman
Scrolls
 e - 2 scrolls of identify {unknown}
Potions
 a - a potion of lignification
 d - a potion of magic {unknown}
 f - a potion of enlightenment {unknown}
 g - a potion of attraction {unknown}

Dungeon Overview and Level Annotations

Branches:
Dungeon (2/15) Zot: 11277

Altars:

## #######...
#.###.<......#
#.....######.#
#####h# .#
##)######.###.>.
#ggr..ggr.......
#.(...g.g.......
#...#####.###...
...[.## .# .
####.. .. ###
.## .#


You could see a quokka and 2 goblins.


Message History

😕 HP[-1]
You take 1 damage, and now have 22/23 hp.
The ball python hisses angrily.
You tentacle-slap the jackal. You grab the jackal.
You tentacle-slap the jackal.
You kill the jackal!
You hear a shout! x3
A goblin comes into view. It is wielding a +0 club.
The jackal closely misses you.
A goblin comes into view. It is wielding a +0 club.
Your Stealth skill increases to level 4!
You tentacle-slap the jackal. Your grab misses the jackal.
The jackal bites you. 😕 HP[-1]
You take 1 damage, and now have 21/23 hp.
Unknown command.
You barely miss the jackal. Your grab misses the jackal.
The jackal barely misses you. The jackal closely misses you.
The jackal bites you. x2 😕 HP[-2]
You take 2 damage, and now have 19/23 hp.
You closely miss the jackal. Your grab misses the jackal.
You squeeze the jackal.
You kill the jackal!
The jackal bites you but does no damage.
The jackal closely misses you. x2
A quokka comes into view.
You barely miss the jackal. You grab the jackal. You constrict the jackal.
The jackal bites you.
The jackal bites you but does no damage.
The ball python barely misses you.
The ball python closely misses you. 😮 HP[-2]
You take 2 damage, and now have 17/23 hp.
You release your grip on the jackal.
The jackal misses you. The jackal attacks as it pursues you!
The jackal misses you. The jackal bites you. 😮 HP[-2]
You take 2 damage, and now have 15/23 hp.
Unknown command.
The jackal attacks as it pursues you! The jackal barely misses you.
The jackal bites you. 😮 HP[-2]
You take 2 damage, and now have 13/23 hp. 😮 HP[+1]
The jackal barely misses you. The jackal bites you. 😮 HP[-1]
You take 1 damage, and now have 13/23 hp.
The jackal closely misses you.
You are too injured to fight recklessly!
You barely miss the jackal. Your grab misses the jackal.
The jackal closely misses you. 😮 HP[+1]
You are too injured to fight recklessly!
You tentacle-slap the jackal.
You kill the jackal!
Unknown command.
You bludgeon the jackal!
You kill the jackal!
You barely miss the ball python. You grab the ball python.
You constrict the ball python. The ball python misses you.
The ball python closely misses you. The ball python barely misses you. x2
You tentacle-slap the ball python. You constrict the ball python.
You kill the ball python!
You tentacle-slap the ball python. Your grab misses the ball python.
The ball python closely misses you. The ball python barely misses you. x2
The ball python grabs you.
The ball python constricts you. 😮 HP[+1]
You tentacle-slap the ball python. You grab the ball python.
You tentacle-slap the ball python, but do no damage.
You constrict the ball python.
You kill the ball python!
You closely miss the goblin. Your grab misses the goblin.
The goblin closely misses you.
You tentacle-slap the goblin. You grab the goblin. You constrict the goblin.
The goblin hits you with a +0 club. 😮 HP[-3]
You take 3 damage, and now have 12/23 hp.
You tentacle-slap the goblin. You squeeze the goblin.
You kill the goblin! 😮 HP[+1]
You tentacle-slap the goblin but do no damage.
Your grab misses the goblin.
The goblin hits you with a +0 dagger of venom.
* * * LOW HITPOINT WARNING * * *
You are lethally poisoned! 😨 HP[-4]
You take 4 damage, and now have 9/23 hp.
You tentacle-slap the goblin. Your grab misses the goblin.
* * * LOW HITPOINT WARNING * * *
You feel very sick.
The goblin hits you with a +0 dagger of venom.
* * * LOW HITPOINT WARNING * * *
You are more poisoned. 😱 HP[-7]
You take 7 damage, and now have 2/23 hp.
MASSIVE DAMAGE!! (PAUSE)
You tentacle-slap the goblin.
You kill the goblin!
You die...

Skill      XL: |  1  2  3 |
---------------+----------+-----
Stealth        | 2 3 4 |  4.3
Fighting       | |  1.0
Dodging        | |  2.0
Unarmed Combat | |  3.0
Shapeshifting  | |  3.0

Action                     || total
---------------------------++-------
  Melee: Unarmed           ||    57
         Constrict         ||    14
         Tentacles         ||     6
         Punch             ||     4
   Stab: Sleeping          ||     6
 Armour: Skin              ||    29
  Dodge: Dodged            ||    48

Levels and vault maps discovered:
D:1:      psy_arrival_terrarium, layout_basic, chequers_ecumenical_altar_island,
          amethyst_killhole
D:2:      layout_loops_ring, uniq_sigmund, uniq_robin

Notes
Turn   | Place    | Note
-------+----------+-------------------------------------------
     0 | D:1      | ytrimaz the Octopode Shapeshifter began the quest for the
                  | Orb.
     0 | D:1      | Reached XP level 1. HP: 13/13 MP: 1/1
     0 | D:1      | magus.rc [v1.9.6]
    60 | D:1      | Reached skill level 1 in Stealth
   138 | D:1      | Reached skill level 2 in Stealth
   174 | D:1      | Reached XP level 2. HP: 18/18 MP: 2/2
   251 | D:1      | Reached skill level 3 in Stealth
   360 | D:1      | Found a faded altar of an unknown god.
   384 | D:1      | Reached XP level 3. HP: 23/23 MP: 3/3
   704 | D:2      | Reached skill level 4 in Stealth
   725 | D:2      | HP: 5/23 [poisoned by a goblin]
   725 | D:2      | HP: 2/23 [goblin/+0 dagger of venom[Robin] (3)]
   726 | D:2      | Succumbed to a goblin's poison

Vanquished Creatures
  A dart slug (D:1)
  5 goblins
  5 hobgoblins (D:1)
  4 jackals (D:2)
  A kobold (D:1)
  A quokka (D:1)
  8 ball pythons
  4 bats
29 creatures vanquished.

Table legend:
 A = Non-vault XP
 B = Vault XP
 C = Vault XP percentage of total XP
 D = Non-vault monster count
 E = Vault monster count
 F = Vault count percentage of total count
                 A         B        C        D         E       F
            +---------+---------+-------+---------+---------+-------
      Total |      49 |       4 |   7.5 |      27 |       2 |   6.9
            +---------+---------+-------+---------+---------+-------
        D:1 |      37 |       0 |   0.0 |      20 |       0 |   0.0
        D:2 |      12 |       4 |  25.0 |       7 |       2 |  22.2
            +---------+---------+-------+---------+---------+-------

Skill      XL: |  1  2  3 |
---------------+----------+-----
Stealth        | 2 3 4 |  4.3
Fighting       | |  1.0
Dodging        | |  2.0
Unarmed Combat | |  3.0
Shapeshifting  | |  3.0

Action                     || total
---------------------------++-------
  Melee: Unarmed           ||    57
         Constrict         ||    14
         Tentacles         ||     6
         Punch             ||     4
   Stab: Sleeping          ||     6
 Armour: Skin              ||    29
  Dodge: Dodged            ||    48

Illustrated notes

Table legend:
 A = Kills in this place as a percentage of kills in the entire game.
 B = Kills by you in this place as a percentage of kills by you in the entire game.
 C = Kills by friends in this place as a percentage of kills by friends in the entire game.
 D = Other kills in this place as a percentage of other kills in the entire game.
 E = Experience gained in this place as a percentage of experience gained in the entire game.
 F = Experience gained in this place divided by the number of levels of this place that you have seen.
                   A       B       C       D       E      F
               +-------+-------+-------+-------+-------+----------------------
         Total | 100.0 | 100.0 |   N/A |   N/A | 100.0 |  26.5
       Dungeon | 100.0 | 100.0 |   N/A |   N/A | 100.0 |  26.5
               +-------+-------+-------+-------+-------+----------------------

Table legend: (Time is in decaauts)
 A = Elapsed time spent in this place.
 B = Non-inter-level travel time spent in this place.
 C = Inter-level travel time spent in this place.
 D = Time resting spent in this place.
 E = Time spent auto-exploring this place.
 F = Levels seen in this place.
 G = Mean time per level.
                   A        B        C        D        E       F      G
               +--------+--------+--------+--------+--------+-----+--------+
         Total |    722 |    696 |     26 |      0 |    538 |   2 |  361.0 |
       Dungeon |    722 |    696 |     26 |      0 |    538 |   2 |  361.0 |
               +--------+--------+--------+--------+--------+-----+--------+

Top non-repeatable levels by time:
     D:1: 683 daAuts
     D:2: 39 daAuts
